 Seeded DCSS version 0.30-a0-830-gfe289a77b0 (webtiles) character file.

Game seed: 8796237800415217726 (custom seed)

87 BigDaddyOpFi the Digger (level 5, -1/38 HPs)
             Began as a Meteoran Earth Elementalist on Feb 28, 2023.
             Slain by an orc priest
             ... wielding a +0 morningstar of holy wrath
              (7 damage)
             ... on level 4 of the Dungeon.
             The game lasted 00:02:49 (1481 turns).

BigDaddyOpFi the Digger (MeEE)                      Turns: 1481, Time: 00:02:50

Health: -1/38      AC:  5    Str:  9    XL:     5   Next: 8%
Magic:  10/11      EV: 13    Int: 19    God:
Gold:   779        SH:  0    Dex: 14    Spells: 9/10 levels left

rFire   . . .      SeeInvis +    g - staff of earth
rCold   . . .      Faith    .    (no shield)
rNeg    . . .      Spirit   .    a - +0 robe
rPois   .          Reflect  .    (no helmet)
rElec   .          Harm     .    s - +2 cloak of the Thief {*Fog Slay-2 SInv Stlth+}
rCorr   .          Rampage  .    (no gloves)
Will    .....                    (no boots)
Stlth   +                        k - amulet of regeneration
HPRegen 1.06/turn                (no ring)
MPRegen 0.12/turn                (no ring)

@: glowing
A: sense surroundings 1, otherworldly, glowing, explore regen
a: no special abilities


You were on level 4 of the Dungeon.
You visited 1 branch of the dungeon, and saw 4 of its levels.

You collected 2253 gold pieces.
You spent 1474 gold pieces at shops.

Inventory:

Armour
 a - a +0 robe (worn)
 s - the +2 cloak of the Thief (worn) {*Fog Slay-2 SInv Stlth+}
   (You bought it in a shop on level 2 of the Dungeon)

   *Fog:      It may release a thick cloud of smoke when the wearer is hurt.
   Slay:      It affects your accuracy & damage with ranged weapons and melee
   (-2).
   SInv:      It lets you see invisible.
   Stlth:     It makes you more stealthy.
Magical Staves
 g - a staff of earth (weapon)
Jewellery
 k - an amulet of regeneration (around neck)
Wands
 t - a wand of paralysis (10)
Scrolls
 f - a scroll of teleportation {unknown}
 h - 3 scrolls of noise {unknown}
 m - 2 scrolls of identify {unknown}
 n - a scroll of magic mapping {unknown}
 o - a scroll of immolation {unknown}
 p - a scroll of torment {unknown}
 q - a scroll of vulnerability {unknown}
 u - a scroll of enchant weapon {unknown}
 v - a scroll of enchant armour {unknown}
 w - 2 scrolls of poison {unknown}
Potions
 b - 2 potions of magic
 c - a potion of curing {unknown}
 d - 2 potions of attraction {unknown}
 e - 2 potions of berserk rage {unknown}
 i - a potion of mutation {unknown}
 j - a potion of lignification {unknown}
 l - a potion of invisibility {unknown}
 r - 3 potions of brilliance {unknown}


   Skills:
 + Level 3.1 Dodging
 + Level 2.0 Stealth
 + Level 3.3 Spellcasting
 + Level 1.1 Conjurations
 + Level 2.2 Transmutations
 + Level 4.2 Earth Magic


You had 9 spell levels left.
You knew the following spells:

 Your Spells              Type           Power      Damage    Failure   Level
a - Sandblast             Erth           58%        2d13      2%          1

Your spell library contained the following spells:

 Spells                   Type           Power      Damage    Failure   Level
 Passwall                 Tmut/Erth      19%        N/A       6%          2
 Stone Arrow              Conj/Erth      40%        3d9       14%         3
 Static Discharge         Conj/Air       10%        2-3/arc   19%         2
 Petrify                  Tmut/Erth      23%        N/A       36%         4
 Vhi's Electric Charge    Tloc/Air       6%         N/A       41%         3
 Arcjolt                  Conj/Air       2%         1d12      97%         5
 Fireball                 Conj/Fire      2%         3d4       97%         5
 Lightning Bolt           Conj/Air       2%         1d14      97%         5
 Conjure Ball Lightning   Conj/Air       2%         3x3d6     100%        6
 Storm Form               Tmut/Air       3%         N/A       100%        7


Dungeon Overview and Level Annotations

Branches:
Dungeon (4/15) Zot: 889
 Temple: D:4-7

Altars:

Shops:
D:1 :   D:2 *


Innate Abilities, Weirdness & Mutations

You passively map a small area around you.
You are easily found by Zot.
You glow in the dark.
You regain HP and MP as you explore.


Message History

You hit the orc but do no damage. The adder bites you but does no damage.
The orc priest hits you with a +0 morningstar of holy wrath!
With a swish of your cloak, you release a cloud of fog.
The orc hits you with a +0 whip. The goblin misses you.
The adder barely misses you.
You closely miss the orc. The adder bites you but does no damage.
The goblin hits you but does no damage. The orc priest barely misses you.
The orc closely misses you. The orc hits you with a +0 whip.
The adder bites you but does no damage.
You hit the orc priest but do no damage.
The orc priest is severely wounded.
The goblin hits you but does no damage. The orc hits you with a +0 club.
The orc priest hits you with a +0 morningstar of holy wrath.
With a swish of your cloak, you release a cloud of fog.
The orc hits you with a +0 whip. The adder completely misses you.
The goblin hits you but does no damage. The orc priest barely misses you.
The jelly barely misses you. The orc barely misses you.
You hit the orc but do no damage.
You shatter the orc.
The orc is almost dead.
The adder barely misses you. The adder completely misses you.
The goblin closely misses you.
The orc priest hits you with a +0 morningstar of holy wrath.
* * * LOW HITPOINT WARNING * * *
The orc hits you but does no damage.
The orc wizard hits you with a +0 dagger.
* * * LOW HITPOINT WARNING * * *
The jelly hits you but does no damage.
Casting: Sandblast (safe; 2% risk of failure)
Confirm with . or Enter, or press ? or * to list all spells.
Aiming: Sandblast (safe; 2% risk of failure)
Press: ? - help, Shift-Dir - straight line, f/p - orc priest
Aim: an orc priest, wielding a +0 morningstar of holy wrath and wearing a +0 ring mail (purple smoke, severely wounded, 85% to hit)
You feel a surge of power!
The blast of sand hits the orc priest.
The orc priest is severely wounded.
The adder bites you.
* * * LOW HITPOINT WARNING * * *
The goblin hits you but does no damage.
A kobold comes into view. It is wielding a +0 short sword.
The orc priest hits you with a +0 morningstar of holy wrath!
You die...

, ...........$.
, ............ *
* ........... ,
, ###........#
,* .....J....# ,
,###§.......## ,
#.§§S§§......
,#. #JoS§§.....
*
#...#.@oo...##S,
* , *#..og.#..#
* , ,
#.......#..# * ,
B......?...# ..#
, ...........#
.. ,
............. .
, * ,, ,
..........#### ,
...#......K , ,
............ ,


You could see a jelly, an orc priest, an orc wizard, 2 adders, 2 orcs, a goblin
and a kobold (wandering).

Vanquished Creatures
  3 gnolls (D:2)
  An adder (D:2)
  A worm (D:2)
  6 endoplasms
  3 giant cockroaches (D:2)
  4 hobgoblins
  6 jackals (D:2)
  A quokka (D:3)
  3 ball pythons
  5 bats
  3 goblins
  2 kobolds
  5 rats
43 creatures vanquished.

Notes
Turn   | Place    | Note
-------+----------+-------------------------------------------
     0 | D:1      | BigDaddyOpFi the Meteoran Earth Elementalist began the
                  | quest for the Orb.
     0 | D:1      | Reached XP level 1. HP: 14/14 MP: 5/5
    60 | D:1      | Found Veoliky's Book Emporium.
    73 | D:1      | Identified 3 scrolls of acquirement
    73 | D:1      | Acquired a staff of earth
    75 | D:1      | Acquired 1264 gold pieces
    77 | D:1      | Acquired 793 gold pieces
    85 | D:1      | Bought a book of Lightning for 456 gold pieces
    85 | D:1      | Bought the Guide on the Salamander and Exhalation for 576
                  | gold pieces
   118 | D:1      | Reached XP level 2. HP: 18/20 MP: 2/6
   492 | D:1      | Glimpsed the power of Zot.
   509 | D:2      | Reached XP level 3. HP: 25/26 MP: 6/8
   591 | D:2      | Reached skill level 4 in Earth Magic
   644 | D:2      | Found a faded altar of an unknown god.
   653 | D:2      | Reached XP level 4. HP: 32/33 MP: 4/9
   861 | D:2      | Reached skill level 1 in Conjurations
   991 | D:2      | Found Fuiquv's Assorted Antiques.
  1000 | D:2      | Bought the +2 cloak of the Thief {*Fog Slay-2 SInv Stlth+}
                  | for 442 gold pieces
  1000 | D:2      | Found the +2 cloak of the Thief {*Fog Slay-2 SInv Stlth+}
  1077 | D:2      | Glimpsed the power of Zot.
  1197 | D:3      | Reached XP level 5. HP: 38/38 MP: 9/11
  1481 | D:4      | Slain by an orc priest

Illustrated notes

Levels and vault maps discovered:
D:1:      heliophobic_arrival_henge, layout_rooms, serial_shops, shop_statue
D:2:      layout_basic, serial_shops, nicolae_lakefront_shop,
          ebering_ecumenical_altar_ruins
D:3:      layout_basic
D:4:      layout_rooms, kennysheep_generic_room_4

Skill      XL: |  1  2  3  4 |
---------------+-------------+-----
Spellcasting   | 3 |  3.3
Earth Magic    | 4 |  4.2
Dodging        | 3 |  3.1
Transmutations | 2 |  2.2
Conjurations   | 1 |  1.1
Stealth        | 2 |  2.0

Action                     |  1- 3 |  4- 6 || total
---------------------------+-------+-------++-------
  Melee: Staff             |     3 |    14 ||    17
   Cast: Sandblast         |    27 |    26 ||    53
    Use: Scroll            |     3 |       ||     3
 Armour: Robe              |     7 |    13 ||    20
  Dodge: Dodged            |     8 |    32 ||    40

Table legend: (Time is in decaauts)
 A = Elapsed time spent in this place.
 B = Non-inter-level travel time spent in this place.
 C = Inter-level travel time spent in this place.
 D = Time resting spent in this place.
 E = Time spent auto-exploring this place.
 F = Levels seen in this place.
 G = Mean time per level.
                   A        B        C        D        E       F      G
               +--------+--------+--------+--------+--------+-----+--------+
         Total |   1509 |   1462 |     47 |      0 |   1215 |   4 |  377.2 |
       Dungeon |   1509 |   1462 |     47 |      0 |   1215 |   4 |  377.2 |
               +--------+--------+--------+--------+--------+-----+--------+

Top non-repeatable levels by time:
     D:2: 611 daAuts
     D:1: 513 daAuts
     D:3: 373 daAuts
     D:4: 10 daAuts
